 Dungeon Crawl Stone Soup version 0.24-a0-279-ga7546fe674 (webtiles) character file.

Game seed: 1324285004590065818

10 JoanKharjo the Vexing (level 2, -3/21 HPs)
             Began as a Demonspawn Arcane Marksman on May 1, 2019.
             Killed from afar by a dart slug (6 damage)
             ... with a slug dart
             ... on level 1 of the Dungeon.
             The game lasted 00:03:57 (596 turns).

JoanKharjo the Vexing (Demonspawn Arcane Marksman)   Turns: 596, Time: 00:03:58

Health: -3/21      AC:  2    Str: 10    XL:     2   Next: 10%
Magic:  2/3        EV: 12    Int: 14    God:
Gold:   38         SH:  0    Dex: 13    Spells: 2/3 levels left

rFire    . . .     SeeInvis .   g - +0 club
rCold    . . .     Gourm    .   (no shield)
rNeg     . . .     Faith    .   e - +0 robe
rPois    .         Spirit   .   (helmet restricted)
rElec    .         Reflect  .   (no cloak)
rCorr    .         Harm     .   (no gloves)
MR       .....                  (no boots)
Stlth    +.........             (no amulet)
HPRegen  0.07/turn              (no ring)
MPRegen  0.08/turn              (no ring)

@: no status effects
A: antennae 1
a: no special abilities


You were on level 1 of the Dungeon.
You were not hungry.

You visited 1 branch of the dungeon, and saw 1 of its levels.

You collected 38 gold pieces.

Inventory:

Hand Weapons
 a - a +0 shortbow
 g - a +0 club (weapon)
Missiles
 d - 17 arrows
Armour
 e - a +0 robe (worn)
Scrolls
 b - a scroll of remove curse {unknown}
 c - a scroll of identify {unknown}
Comestibles
 f - 2 rations


   Skills:
 - Level 1.0 Fighting
 + Level 2.5 Bows
 - Level 1.7 Dodging
 - Level 1.0 Spellcasting
 - Level 3.0 Hexes


You had 2 spell levels left.
You knew the following spells:

 Your Spells              Type           Power        Failure   Level  Hunger
a - Corona                Hex            #......      8%          1    ##.....

Your spell library contained the following spells:

 Spells                   Type           Power        Failure   Level  Hunger
 Slow                     Hex            #.......     12%         2    ###....
 Inner Flame              Hex/Fire       #.......     38%         3    ####...
 Portal Projectile        Hex/Tloc       #.....       38%         3    ####...
 Cause Fear               Hex            #.........   58%         4    #####..
 Leda's Liquefaction      Hex/Erth       #.........   80%         4    #####..


Dungeon Overview and Level Annotations

Branches:
Dungeon (1/15)

Altars:


Innate Abilities, Weirdness & Mutations

You have a pair of small antennae on your head.


Message History

You hit the dart slug but do no damage. The dart slug barely misses you.
You hit the dart slug.
The dart slug is moderately wounded.
The dart slug bites you.
You hit the dart slug.
The dart slug is heavily wounded.
The dart slug barely misses you.
You hit the dart slug.
The dart slug is severely wounded.
The dart slug launches a dart at you. The slug dart hits you.
* * * LOW HITPOINT WARNING * * *
You hit the dart slug.
The dart slug is almost dead.
The dart slug bites you but does no damage.
You hit the dart slug.
The dart slug is almost dead.
The dart slug launches a dart at you. The slug dart hits you.
You die...

#.###.....).#....#
..........###.#####
..................#
###....#....####.#
####.....#..# #......#....#
. #.##.#.##.#.## ...
#.##.#.##.#..#####
.....#####@##...##†.......#
.w.......w.###...#.####...
.....#########.#.)....#.#
... #....####...##. .
#..#.###.......
#####........#####.
#.....#...#### .####...##
#......##


You could see a dart slug.

Vanquished Creatures
  2 goblins (D:1)
  4 hobgoblins (D:1)
  A frilled lizard (D:1)
  2 rats (D:1)
9 creatures vanquished.

Notes
Turn   | Place    | Note
-------+----------+-------------------------------------------
     0 | D:1      | JoanKharjo the Demonspawn Arcane Marksman began the quest
                  | for the Orb.
     0 | D:1      | Reached XP level 1. HP: 15/15 MP: 2/2
   386 | D:1      | Gained mutation: You have a pair of small antennae on your
                  | head. [demonic ancestry]
   386 | D:1      | Reached XP level 2. HP: 5/21 MP: 1/3
   431 | D:1      | HP: 1/21 [hobgoblin/+0 club (7)]
   596 | D:1      | Killed from afar by a dart slug

Levels and vault maps discovered:
D:1:      lemuel_arrival_river_ford, layout_rooms

Skill      XL: |  1 |
---------------+----+-----
Bows           | 2 |  2.5
Fighting       | |  1.0
Dodging        | |  1.7
Spellcasting   | |  1.0
Hexes          | |  3.0

Action                   || total
-------------------------++-------
Melee: Club              ||    32
 Fire: Shortbow          ||    11
 Cast: Corona            ||    10
Armor: Robe              ||     7
Dodge: Dodged            ||    29

Table legend:
 A = Non-vault XP
 B = Vault XP
 C = Vault XP percentage of total XP
 D = Non-vault monster count
 E = Vault monster count
 F = Vault count percentage of total count
                 A         B        C        D         E       F
            +---------+---------+-------+---------+---------+-------
      Total |      15 |       0 |   0.0 |       9 |       0 |   0.0
            +---------+---------+-------+---------+---------+-------
        D:1 |      15 |       0 |   0.0 |       9 |       0 |   0.0
            +---------+---------+-------+---------+---------+-------
